 Dungeon Crawl Stone Soup version 0.23-b1-3-gdda8187c6f (webtiles) character file.

Game seed: 12451337704528256340

10297 DildoBatman the Tainter (level 11, -10/86 HPs)
             Began as a Formicid Wizard on Feb 1, 2019.
             Was a High Priest of Kikubaaqudgha.
             Mangled by a red ugly thing (22 damage)
             ... on level 10 of the Dungeon.
             The game lasted 01:22:31 (15205 turns).

DildoBatman the Tainter (Formicid Wizard)          Turns: 15205, Time: 01:22:31

Health: -10/86     AC: 13    Str: 14    XL:     11   Next: 90%
Magic:  16/27      EV: 11    Int: 22    God:    Kikubaaqudgha [*****.]
Gold:   567        SH:  0    Dex:  9    Spells: 6/20 levels left

rFire    . . .     SeeInvis +   c - +0 blowgun
rCold    . . .     Gourm    .   (no shield)
rNeg     . . .     Faith    +   K - +2 scale mail {MR+}
rPois    +         Spirit   .   (helmet unavailable)
rElec    .         Reflect  .   T - +1 cloak {rPois}
rCorr    .         Harm     .   t - +0 pair of gloves
MR       ++...                  (no boots)
Stlth    ++........             r - amulet of faith
HPRegen  0.24/turn              Y - +3 ring of strength
MPRegen  0.20/turn              D - ring of magical power

@: very slightly contaminated
A: permanent stasis, dig shafts and tunnels, four strong arms, antennae 3
a: Dig, Shaft Self, Receive Corpses, Torment, Renounce Religion


You were on level 10 of the Dungeon.
You worshipped Kikubaaqudgha.
Kikubaaqudgha was extremely pleased with you.
You were not hungry.

You visited 2 branches of the dungeon, and saw 12 of its levels.

You collected 567 gold pieces.

Inventory:

Hand Weapons
 a - a +3 great sword
 c - a +0 blowgun (weapon)
Missiles
 h - 7 curare-tipped needles
 k - 340 stones
 n - 32 poisoned needles (quivered)
 o - 95 bolts
 p - 90 sling bullets
 y - 170 arrows
 A - 3 throwing nets
Armour
 e - a +0 large shield
 q - a scarf of repulsion
 t - a +0 pair of gloves (worn)
 K - a +2 scale mail of magic resistance (worn)
 T - a +1 cloak of poison resistance (worn)
Magical Staves
 H - an uncursed staff of wizardry
Jewellery
 j - an uncursed ring of fire
 l - a +3 ring of dexterity
 r - an amulet of faith (around neck)
 D - a ring of magical power (right hand)
 F - an uncursed ring of resist corrosion
 L - an uncursed ring of protection from cold
 M - an uncursed ring of ice
 Y - a +3 ring of strength (left hand)
Wands
 S - a wand of flame (17)
 V - a wand of enslavement (7)
Scrolls
 b - a scroll of enchant weapon
 x - 3 scrolls of remove curse
 z - 3 scrolls of identify
 C - a scroll of enchant armour {unknown}
 E - 4 scrolls of teleportation {unknown}
 J - 2 scrolls of fog
 N - 3 scrolls of immolation {unknown}
 P - a scroll of blinking {unknown}
 Q - a scroll of amnesia {unknown}
 R - 2 scrolls of fear {unknown}
Potions
 d - 3 potions of haste {unknown}
 f - 3 potions of might
 g - a potion of curing
 i - 3 potions of heal wounds {unknown}
 m - 5 potions of agility
 s - 2 potions of flight {unknown}
 u - 3 potions of ambrosia
 w - a potion of mutation {unknown}
 B - 2 potions of degeneration {unknown}
 G - a potion of berserk rage {unknown}
 I - a potion of invisibility {unknown}
 O - 2 potions of lignification {unknown}
Comestibles
 v - 28 rations
 X - 3 chunks of flesh


   Skills:
 * Level 7.8 Fighting
 - Level 5.0 Long Blades
 - Level 0.3 Throwing
 * Level 6.9 Armour
 * Level 4.8 Dodging
 - Level 8.0 Stealth
 - Level 5.1 Spellcasting
 - Level 5.0 Conjurations
   Level 1.0 Summonings
   Level 0.8 Translocations
 - Level 4.0 Air Magic
 - Level 8.1 Poison Magic
 * Level 6.1 Evocations


You had 6 spell levels left.
You knew the following spells:

 Your Spells              Type           Power        Failure   Level  Hunger
a - Slow                  Hex            #.......     47%         2    None
b - Confuse               Hex            #.......     71%         3    ##.....
c - Magic Dart            Conj           ####         4%          1    None
e - Mephitic Cloud        Conj/Pois/Air  ####....     10%         3    ##.....
h - Borgnjor's Vile Clut  Necr/Erth      #.........   100%        5    #####..

Your spell library contained the following spells:

 Spells                   Type           Power        Failure   Level  Hunger
 Corona                   Hex            #......      34%         1    None
 Pain                     Necr           #...         34%         1    None
 Call Imp                 Summ           ##......     34%         2    None
 Conjure Flame            Conj/Fire      ###.....     36%         3    ##.....
 Dazzling Spray           Conj/Hex       ###...       36%         3    ##.....
 Corpse Rot               Necr           N/A          47%         2    None
 Ensorcelled Hibernation  Hex/Ice        #.....       47%         2    None
 Sublimation of Blood     Necr           #.........   47%         2    None
 Tukima's Dance           Hex            #.......     71%         3    ##.....
 Vampiric Draining        Necr           #.........   71%         3    ##.....
 Animate Dead             Necr           N/A          98%         4    ####...
 Dispel Undead            Necr           #.......     100%        5    #####..
 Excruciating Wounds      Chrm/Necr      #.........   100%        5    #####..
 Death Channel            Necr           #.........   100%        6    #######
 Blink                    Tloc           Unusable     N/A         2    N/A

Dungeon Overview and Level Annotations

Branches:
Dungeon (11/15)            Temple (1/1) D:6            Lair (0/6) D:11
    Orc (0/2) D:10

Altars:
Ashenzari
Cheibriados
Dithmenos
Elyvilon
Fedhas
Gozag
Hepliaklqana
Kikubaaqudgha
Makhleb
Nemelex Xobeh
Okawaru
Qazlal
Ru
Sif Muna
Trog
Uskayaw
Vehumet
Wu Jian
Xom
Yredelemnul
Zin
The Shining One
Beogh

Annotations:
D:5 3 runed translucent doors, mrdizzer's ghost, novice DsNe
D:11 exclusions: acid dragon, killer bee and ugly thing


Innate Abilities, Weirdness & Mutations

You cannot be hasted, slowed, berserked, paralysed or teleported.
You can dig through walls and to a lower floor.
Your four strong arms can wield two-handed weapons with a shield.
You have a pair of large antennae on your head. (SInv)


Message History

The stinking cloud engulfs you but does no damage.
The red ugly thing is engulfed in noxious fumes.
The red ugly thing tail-slaps you!
You are engulfed in flames!
The red ugly thing is engulfed in noxious fumes.
The red ugly thing is engulfed in noxious fumes.
Casting: Mephitic Cloud (safe; 10% risk of failure)
Confirm with . or Enter, or press ? or * to list all spells.
Aiming: Mephitic Cloud (safe; 10% risk of failure)
Press: ? - help, Shift-Dir - straight line, f/p - red ugly thing
Aim: a red ugly thing (lightly wounded)
The ball explodes into a vile cloud!
The stinking cloud engulfs the red ugly thing but does no damage.
The red ugly thing is lightly wounded.
The stinking cloud engulfs you but does no damage.
The red ugly thing is engulfed in noxious fumes.
The red ugly thing tail-slaps you.
You are engulfed in flames!!
You die...
Kikubaaqudgha rasps: "You have failed me!
Welcome... death!"

...........#...........#
)..<##.....'...........#
....##..<..#...........#
....##.....#...........#
....##.....#...........#
...........+...........#
...........#...........#
....##.....#...........#
....##.....#....@......#
....##.....#...☼u○.....#
#+####.....#..=☼§§.....#
...........#....○......#
...........#.....###...#
...........#....○# #...#
...(.......#.....# #...#
.[..######+#.....# #...#
...)#............# #...#


You could see a red ugly thing.

Vanquished Creatures
  Harold (D:9)
  3 two-headed ogres
  A centaur zombie (D:11)
  2 meliai (D:10)
  A hornet (D:8)
  Grinder (D:4)
  4 yaks (D:11)
  A hungry ghost (D:8)
  A basilisk (D:11)
  A steam dragon (D:10)
  2 soldier ants (D:8)
  Edmund (D:5)
  4 sky beasts
  5 orc warriors
  2 porcupines (D:11)
  A necrophage (D:7)
  2 phantoms
  4 ogres
  A centaur (D:6)
  4 crocodiles
  2 big kobolds
  6 bullfrogs
  A gnoll sergeant (D:7)
  5 scorpions
  4 killer bees (D:9)
  7 wights
  A howler monkey (D:4)
  5 crimson imps
  3 jellies
  6 hounds
  7 orc priests
  8 orc wizards
  5 centaur skeletons
  Ijyb (D:4)
  3 bullfrog skeletons
  Natasha (twice) (D:4)
  Terence (D:2)
  3 iguanas
  6 worker ants
  A killer bee zombie (D:9)
  2 hound zombies
  2 hound skeletons
  A worker ant zombie (D:10)
  Robin (D:3)
  7 adders
  13 gnolls
  3 oozes
  A worm (D:8)
  3 dart slugs
  3 leopard geckos
  46 orcs
  12 bats
  5 giant cockroaches
  14 goblins
  13 hobgoblins
  8 jackals
  6 quokkas
  A ball python (D:3)
  6 frilled lizards
  A jackal skeleton (D:7)
  19 kobolds
  10 rats
  A butterfly (D:6)
297 creatures vanquished.

Vanquished Creatures (collateral kills)
  A meliai (D:10)
  An iguana (D:4)
2 creatures vanquished.

Vanquished Creatures (others)
  14 fungi
  2 plants (D:11)
16 creatures vanquished.

Grand Total: 315 creatures vanquished

Notes
Turn   | Place    | Note
-------+----------+-------------------------------------------
     0 | D:1      | DildoBatman the Formicid Wizard began the quest for the
                  | Orb.
     0 | D:1      | Reached XP level 1. HP: 13/13 MP: 4/4
    83 | D:1      | Reached skill level 1 in Conjurations
   315 | D:1      | Reached XP level 2. HP: 19/19 MP: 1/6
  1149 | D:2      | Reached XP level 3. HP: 24/24 MP: 4/7
  1154 | D:2      | Learned a level 2 spell: Slow
  1158 | D:2      | Learned a level 3 spell: Mephitic Cloud
  1177 | D:2      | You fall through a shaft!
  1572 | D:2      | Noticed Terence
  1700 | D:2      | Reached XP level 4. HP: 18/30 MP: 1/8
  2027 | D:3      | Noticed Robin
  2603 | D:3      | Noticed an ogre
  2703 | D:4      | Noticed Ijyb
  2923 | D:4      | Noticed a phantom
  3220 | D:4      | Reached XP level 5. HP: 30/35 MP: 2/9
  3378 | D:4      | Reached skill level 1 in Poison Magic
  3802 | D:5      | Entered Level 5 of the Dungeon
  3831 | D:4      | Reached skill level 1 in Air Magic
  3831 | D:4      | Reached XP level 6. HP: 29/41 MP: 3/10
  4090 | D:5      | Noticed a sky beast
  4332 | D:5      | Found a runed translucent gate.
  4333 | D:5      | Found a runed translucent gate.
  4333 | D:5      | Found a runed translucent gate.
  4334 | D:5      | Noticed mrdizzer's ghost (novice DsNe)
  4747 | D:6      | Found a glowing silver altar of Zin.
  5026 | D:6      | Reached XP level 7. HP: 40/46 MP: 8/11
  5431 | D:6      | Found an iron altar of Okawaru.
  6003 | D:6      | Reached skill level 5 in Poison Magic
  6327 | D:6      | Reached XP level 8. HP: 35/52 MP: 12/12
  6576 | D:6      | Found a staircase to the Ecumenical Temple.
  6585 | Temple   | Entered the Ecumenical Temple
  6747 | Temple   | Became a worshipper of Kikubaaqudgha
  6976 | D:6      | Reached skill level 1 in Fighting
  6985 | D:6      | Reached skill level 1 in Armour
  7774 | D:7      | Reached * piety under Kikubaaqudgha
  7774 | D:7      | Identified Kikubaaqudgha's Reference Book on Darkness
                  | (Kikubaaqudgha gifted it to you on level 7 of the Dungeon)
  7774 | D:7      | Received a gift from Kikubaaqudgha
  7774 | D:7      | Reached skill level 1 in Long Blades
  8117 | D:7      | Reached XP level 9. HP: 48/62 MP: 15/15
  8347 | D:6      | Reached skill level 5 in Stealth
  9009 | D:4      | Noticed Natasha
  9018 | D:4      | Killed Natasha
  9018 | D:4      | Reached skill level 5 in Conjurations
  9137 | D:4      | Noticed Natasha
  9209 | D:4      | Noticed Grinder
  9218 | D:4      | Killed Natasha
  9225 | D:4      | Reached ** piety under Kikubaaqudgha
  9242 | D:4      | Killed Grinder
  9439 | D:4      | Killed Ijyb
  9511 | D:4      | Reached skill level 5 in Fighting
  9749 | D:3      | Reached skill level 5 in Armour
 10140 | D:3      | Killed Robin
 10337 | D:2      | Reached *** piety under Kikubaaqudgha
 10337 | D:2      | Identified Kikubaaqudgha's Collected Works on Black Arts
                  | (Kikubaaqudgha gifted it to you on level 2 of the Dungeon)
 10337 | D:2      | Received a gift from Kikubaaqudgha
 10345 | D:2      | Learned a level 5 spell: Borgnjor's Vile Clutch
 10458 | D:2      | Killed Terence
 10582 | D:5      | Noticed Edmund
 10600 | D:5      | Killed Edmund
 10600 | D:5      | Reached XP level 10. HP: 75/76 MP: 15/16
 11051 | D:8      | Reached skill level 1 in Evocations
 11447 | D:8      | Noticed a two-headed ogre
 11513 | D:8      | Killed a two-headed ogre
 12123 | D:9      | Learned a level 3 spell: Confuse
 12147 | D:9      | Noticed a two-headed ogre
 12194 | D:9      | Killed a two-headed ogre
 12194 | D:9      | Reached skill level 5 in Spellcasting
 12400 | D:9      | Noticed Harold
 12963 | D:9      | Reached XP level 11. HP: 83/84 MP: 18/18
 12975 | D:9      | Reached **** piety under Kikubaaqudgha
 13070 | D:9      | Killed Harold
 13146 | D:10     | Entered Level 10 of the Dungeon
 13277 | D:10     | Reached skill level 5 in Evocations
 13433 | D:10     | Found a roughly hewn altar of Beogh.
 13893 | D:10     | Found a staircase to the Orcish Mines.
 13967 | D:10     | Reached ***** piety under Kikubaaqudgha
 14217 | D:10     | HP: 4/84 [meliai/+0 hand axe (12)]
 14395 | D:11     | Noticed a two-headed ogre
 14486 | D:10     | Killed a two-headed ogre
 14746 | D:11     | Found a staircase to the Lair.
 14921 | D:11     | Noticed a green ugly thing
 14966 | D:11     | Noticed a green ugly thing
 14966 | D:11     | Noticed a two-headed ogre
 14998 | D:11     | Reached skill level 5 in Long Blades
 15169 | D:11     | Noticed a brown ugly thing
 15205 | D:10     | Mangled by a red ugly thing

Skill      XL: |  1  2  3  4  5  6  7  8  9 10 11 |
---------------+----------------------------------+-----
Conjurations   | 1 2 3 4 5 |  5.0
Poison Magic   | 1 3 6 7 8 |  8.1
Stealth        | 3 4 5 6 8 |  8.0
Air Magic      | 1 2 3 4 |  4.0
Dodging        | 2 3 4 |  4.8
Fighting       | 2 6 7 |  7.8
Armour         | 2 5 6 |  6.9
Spellcasting   | 4 5 |  5.1
Long Blades    | 1 3 4 5 |  5.0
Evocations     | 3 6 |  6.1
Throwing       | |  0.3
Summonings     | |  1.0
Translocations | |  0.8

Action                   |  1- 3 |  4- 6 |  7- 9 | 10-12 || total
-------------------------+-------+-------+-------+-------++-------
Melee: Unarmed           |     2 |       |       |       ||     2
       Dagger            |     4 |     9 |       |       ||    13
       Rapier            |       |    16 |    31 |       ||    47
       Great sword       |       |       |   158 |   232 ||   390
 Fire: Hunting sling     |       |     3 |       |       ||     3
       Blowgun           |       |       |    35 |   112 ||   147
 Cast: Magic Dart        |    92 |   107 |   205 |    80 ||   484
       Mephitic Cloud    |       |     4 |    48 |    83 ||   135
       Slow              |       |       |     2 |       ||     2
 Abil: Dig               |     2 |     5 |    27 |    18 ||    52
Evoke: Wand              |       |       |     6 |       ||     6
  Use: Scroll            |       |     4 |     4 |     4 ||    12
       Potion            |       |       |       |     1 ||     1
 Stab: Sleeping          |       |     1 |     1 |     6 ||     8
       Confused          |       |     3 |    13 |    20 ||    36
       Held in net/web   |       |       |     1 |       ||     1
  Eat: Chunk             |     2 |    11 |    21 |    17 ||    51
       Ration            |       |       |     1 |     1 ||     2
Armor: Robe              |     7 |    18 |    35 |    41 ||   101
       Scale mail        |       |       |       |    26 ||    26
Dodge: Dodged            |    18 |    45 |   136 |   181 ||   380
       Deflected         |     1 |     3 |    10 |       ||    14
       Rpst.: Great sword |       |       |    37 |    38 ||    75
